 Dungeon Crawl Stone Soup version 0.19.5 (webtiles) character file.

14136 MudBrick2 the Cleaver (level 11, -1/86 HPs)
             Began as a Demonspawn Gladiator on Apr 11, 2017.
             Was a Follower of Uskayaw.
             Engulfed by a cloud of freezing vapour (25 damage)
             ... in an ice cave.
             The game lasted 01:11:43 (11443 turns).

MudBrick2 the Cleaver (Demonspawn Gladiator)       Turns: 11443, Time: 01:11:44

Health: -1/86      AC: 16    Str: 20    XL:     11   Next: 84%
Magic:  15/15      EV: 16    Int: 11    God:    Uskayaw [*.....]
Gold:   699        SH:  0    Dex: 21    Spells: 0 memorised, 10 levels left

rFire  . . .     SeeInvis +     x - +4 battleaxe
rCold  . . .     Gourm    .     t - +1 ring mail "Muwuz" {Str+4 Dex+3 SInv}
rNeg   . . .     Faith    +     (shield currently unavailable)
rPois  .         Spirit   .     c - +1 helmet
rElec  .         Reflect  .     D - +1 cloak
rCorr  .         Harm     .     O - +0 pair of gloves
MR     +....                    F - +0 pair of boots
Stlth  +.........               y - amulet of faith
                                L - +3 ring of dexterity
                                e - ring of protection from magic

@: about to teleport
A: hooves 2, molten scales 1, spiny 1
a: Stomp, Renounce Religion


You were in an ice cave.
You worshipped Uskayaw.
Uskayaw was noncommittal.
You were full.

You visited 2 branches of the dungeon, and saw 13 of its levels.
You also visited: Ice Cave.

You collected 699 gold pieces.

Inventory:

Hand Weapons
 a - a +0 war axe
 x - a +4 battleaxe (weapon)
Missiles
 d - 3 throwing nets (quivered)
 J - 88 stones
Armour
 c - a +1 helmet (worn)
 t - the +1 ring mail "Muwuz" (worn) {Str+4 Dex+3 SInv}
   (You found it on level 5 of the Dungeon)

   It affects your strength (+4).
   It affects your dexterity (+3).
   It lets you see invisible.
 D - a +1 cloak (worn)
 F - a +0 pair of boots (worn)
 O - a +0 pair of gloves (worn)
 P - the +6 plate armour of Salvation {rElec rF+ MR+}
   (You found it on level 10 of the Dungeon)

   It protects you from fire.
   It insulates you from electricity.
   It affects your resistance to hostile enchantments.
Jewellery
 e - a ring of protection from magic (left hand)
 k - an uncursed amulet of magic regeneration
 y - an amulet of faith (around neck)
 L - a +3 ring of dexterity (right hand)
Wands
 K - a wand of iceblast (6/15)
 M - a wand of polymorph (11/24)
 N - a wand of teleportation (1/9)
Scrolls
 b - 5 scrolls of enchant weapon
 h - 3 scrolls of fear
 i - a scroll of noise {unknown}
 j - a scroll of teleportation
 s - 2 scrolls of magic mapping
 u - 5 scrolls of identify
 v - a scroll of vulnerability
 w - a scroll of amnesia
 z - a scroll of holy word
 A - a scroll of remove curse
 C - a scroll of enchant armour
 H - 2 scrolls of torment
Potions
 l - 4 potions of curing
 m - a potion of mutation
 o - 2 potions of agility
 q - 2 potions of flight
 r - a potion of might
 E - 4 potions of lignification
Comestibles
 f - 7 bread rations
 n - 10 slices of pizza
 p - 4 meat rations
 B - 4 beef jerkies


   Skills:
 * Level 7.9 Fighting
 * Level 12.6 Axes
 - Level 1.7 Throwing
 * Level 7.0 Armour
 * Level 6.5 Dodging
 - Level 1.8 Stealth
 * Level 6.2 Invocations


You had 10 spell levels left.
You didn't know any spells.

Dungeon Overview and Level Annotations

Branches:
Dungeon (12/15)            Temple (1/1) D:4            Lair (0/6) D:8
    Orc (0/2) D:11

Altars:
Ashenzari
Cheibriados
Dithmenos
Elyvilon
Fedhas
Gozag
Hepliaklqana
Kikubaaqudgha
Makhleb
Nemelex Xobeh
Okawaru
Qazlal
Ru
Sif Muna
Trog
Uskayaw
Vehumet
Xom
Yredelemnul
Zin
The Shining One
Beogh


Innate Abilities, Weirdness & Mutations

You have hoof-like feet.
You are partially covered in molten scales. (AC +2)
You are partially covered in sharp spines.


Message History

You destroy the ice statue!
The ice beast disappears in a puff of smoke! x2
Your Armour skill increases to level 7!
Uskayaw will force your foes to helplessly watch your dance.
You start resting.
You can no longer pass through a line of other dancers.
HP restored.
You are engulfed in freezing vapours.
You are engulfed in freezing vapours.
You are engulfed in freezing vapours.
Okay, then.
As you read the scroll of teleportation, it crumbles to dust.
You feel strangely unstable.
You are engulfed in freezing vapours.
You feel much better.
You are engulfed in freezing vapours.
You feel better.
You are engulfed in freezing vapours.
* * * LOW HITPOINT WARNING * * *
You enter the shallow water.
Moving in this stuff is going to be slow.
You are engulfed in freezing vapours.
You die...

.## .. .. #§ ##### . ##§
#####...# ..§##§.######
##........
...§.§§§§§#§###.........
#..§@§§§§.#..........
######§§§............
####............
###..........
###.#....#. ####..###
#..## ##..## ##..#


There were no monsters in sight!

Vanquished Creatures
  The ghost of Turtleman12345 the Thaumaturge, a novice DEFE of Sif Muna (D:8)
  An unseen horror (D:11)
  2 hill giants (D:11)
  Pikel (D:8)
  An ugly thing (D:11)
  2 ice statues (IceCv)
  Psyche (D:8)
  The ghost of CALLOUS the Shield-Bearer, a novice HOTm of Beogh (D:6)
  3 trolls
  The ghost of raetorn the Covert, a novice VSAs (D:5)
  2 two-headed ogres
  3 hippogriffs
  Sigmund (D:2)
  A wyvern (D:8)
  4 hogs (D:7)
  A basilisk (D:10)
  A vampire (D:11)
  A human (D:7)
  Menkaure (D:6)
  A water moccasin (D:8)
  Edmund (D:6)
  Duvessa (D:5)
  2 orc warriors
  4 sky beasts
  4 slaves (D:8)
  2 ice beasts
  A black bear (D:10)
  An eye of draining (D:12)
  6 ogres
  8 centaurs
  A necrophage (D:11)
  3 big kobolds
  Blork the orc (D:6)
  8 bullfrogs
  A gnoll sergeant (D:8)
  Dowan (D:5)
  2 water moccasin zombies
  3 scorpions
  11 killer bees
  A howler monkey (D:6)
  8 wights
  3 centaur zombies
  2 crimson imps (D:6)
  A quasit (D:7)
  2 bullfrog zombies
  4 hounds
  A centaur skeleton (D:8)
  7 orc priests
  Crazy Yiuf (D:4)
  A jelly (D:8)
  17 orc wizards
  A bullfrog skeleton (D:6)
  4 iguanas
  13 worker ants
  2 hound skeletons
  A howler monkey zombie (D:11)
  A worker ant zombie (D:11)
  Robin (D:2)
  13 adders
  11 gnolls
  4 shadow imps
  5 white imps (IceCv)
  5 ufetubi (IceCv)
  2 oozes
  An adder zombie (D:6)
  A worm (D:4)
  A dart slug (D:2)
  5 leopard geckos
  65 orcs
  A giant cockroach (D:2)
  16 goblins
  9 hobgoblins
  2 jackals (D:5)
  17 kobolds
  5 quokkas
  3 ball pythons
  7 bats
  2 frilled lizards
  A quokka skeleton (D:6)
  5 rats
  A plant (D:10)
344 creatures vanquished.

Vanquished Creatures (others)
  A worker ant (D:12)
  2 white imps (IceCv)
  5 ufetubi (IceCv)
8 creatures vanquished.

Grand Total: 352 creatures vanquished

Notes
Turn   | Place    | Note
-------+----------+-------------------------------------------
     0 | D:1      | MudBrick2 the Demonspawn Gladiator began the quest for the Orb.
     0 | D:1      | Reached XP level 1. HP: 16/16 MP: 1/1
   292 | D:1      | Found a shattered altar of Ashenzari.
   299 | D:1      | Gained mutation: You are partially covered in molten scales. (AC +2) [demonic ancestry]
   299 | D:1      | Reached XP level 2. HP: 20/22 MP: 2/2
  1041 | D:2      | Noticed Robin
  1047 | D:2      | Killed Robin
  1047 | D:2      | Reached skill level 1 in Armour
  1047 | D:2      | Reached XP level 3. HP: 27/28 MP: 3/3
  1047 | D:2      | Reached skill level 3 in Axes
  1342 | D:2      | Gained mutation: You are partially covered in sharp spines. [demonic ancestry]
  1342 | D:2      | Reached XP level 4. HP: 34/34 MP: 4/4
  1409 | D:2      | Noticed Sigmund
  1429 | D:2      | Killed Sigmund
  1429 | D:2      | Reached skill level 4 in Axes
  1429 | D:2      | Gained mutation: You have large cloven feet. [demonic ancestry]
  1429 | D:2      | Reached XP level 5. HP: 13/41 MP: 5/5
  1887 | D:3      | Found a white marble altar of Elyvilon.
  2059 | D:3      | Reached XP level 6. HP: 40/47 MP: 6/6
  2334 | D:3      | Noticed a dagger
  2334 | D:3      | Noticed a dagger
  2337 | D:3      | Found a hide-covered altar of Uskayaw.
  2349 | D:3      | Became a worshipper of Uskayaw the Reveler
  2491 | D:3      | Reached * piety under Uskayaw
  2652 | D:4      | Reached ** piety under Uskayaw
  2657 | D:4      | Reached *** piety under Uskayaw
  2659 | D:4      | Reached skill level 5 in Axes
  2864 | D:4      | Reached XP level 7. HP: 52/52 MP: 7/7
  2926 | D:4      | Reached skill level 1 in Stealth
  3103 | D:4      | Found a staircase to the Ecumenical Temple.
  3445 | D:4      | Found a runed door.
  3449 | D:4      | Noticed Crazy Yiuf
  3453 | D:4      | Killed Crazy Yiuf
  3684 | Temple   | Entered the Ecumenical Temple
  3992 | D:5      | Entered Level 5 of the Dungeon
  4335 | D:5      | Found a shattered altar of Ashenzari.
  4586 | D:5      | Reached skill level 6 in Axes
  4590 | D:5      | Found a blossoming altar of Fedhas.
  4604 | D:5      | Found a bloodstained altar of Trog.
  4606 | D:5      | Found a stormy altar of Qazlal.
  4607 | D:5      | Found a snail-covered altar of Cheibriados.
  4687 | D:5      | Noticed raetorn's ghost (novice VSAs)
  4704 | D:5      | Killed raetorn's ghost
  4704 | D:5      | Gained mutation: You have hoof-like feet. [demonic ancestry]
  4704 | D:5      | Reached XP level 8. HP: 49/60 MP: 4/8
  4840 | D:5      | Noticed Duvessa
  4842 | D:5      | Noticed Dowan
  4848 | D:5      | Killed Duvessa
  4855 | D:5      | Killed Dowan
  5250 | D:5      | Got a twisted ring mail
  5252 | D:5      | Reached skill level 7 in Axes
  5377 | D:5      | Identified the cursed +1 ring mail "Muwuz" {Str+4 Dex+3 SInv} (You found it on level 5 of the Dungeon)
  5622 | D:6      | Noticed Blork the orc
  5631 | D:6      | Killed Blork the orc
  5693 | D:6      | Noticed a hippogriff
  5707 | D:6      | Killed a hippogriff
  5767 | D:6      | Reached **** piety under Uskayaw
  5768 | D:6      | Reached skill level 8 in Axes
  5768 | D:6      | Reached XP level 9. HP: 45/66 MP: 6/9
  5855 | D:6      | Noticed CALLOUS's ghost (novice HOTm)
  5865 | D:6      | Reached ***** piety under Uskayaw
  5868 | D:6      | Killed CALLOUS's ghost
  5868 | D:6      | Reached skill level 5 in Fighting
  5868 | D:6      | Reached skill level 5 in Armour
  6073 | D:6      | Noticed Menkaure
  6079 | D:6      | Killed Menkaure
  6079 | D:6      | Reached skill level 5 in Dodging
  6266 | D:6      | Reached skill level 1 in Invocations
  6330 | D:6      | Found a burning altar of Makhleb.
  6330 | D:6      | Found a shimmering altar of Xom.
  6424 | D:6      | Noticed Edmund
  6434 | D:6      | Killed Edmund
  6680 | D:7      | Reached skill level 9 in Axes
  6827 | D:7      | Reached XP level 10. HP: 60/76 MP: 12/12
  6945 | D:7      | Found a deep blue altar of Sif Muna.
  6958 | D:7      | Found an ancient bone altar of Kikubaaqudgha.
  6974 | D:7      | Found a radiant altar of Vehumet.
  7340 | D:8      | Noticed Psyche
  7345 | D:8      | Killed Psyche
  7402 | D:8      | Noticed Pikel
  7414 | D:8      | Killed Pikel
  7414 | D:8      | Reached skill level 10 in Axes
  7687 | D:8      | Found a staircase to the Lair.
  7903 | D:8      | Noticed Turtleman12345's ghost (novice DEFE)
  7916 | D:8      | Killed Turtleman12345's ghost
  8394 | D:9      | Reached skill level 11 in Axes
  8410 | D:9      | Reached ****** piety under Uskayaw
  8417 | D:9      | Found a roughly hewn altar of Beogh.
  8673 | D:9      | Reached XP level 11. HP: 60/83 MP: 14/14
  8776 | D:9      | Reached skill level 5 in Invocations
  9103 | D:10     | Entered Level 10 of the Dungeon
  9531 | D:10     | Got a warped plate armour
  9546 | D:10     | Identified the +6 plate armour of Salvation {rElec rF+ MR+} (You found it on level 10 of the Dungeon)
  9912 | D:11     | Noticed an unseen horror
  9917 | D:11     | Killed an unseen horror
 10078 | D:11     | Found a staircase to the Orcish Mines.
 10108 | D:11     | Noticed a green ugly thing
 10119 | D:11     | Killed a green ugly thing
 10159 | D:11     | Noticed a hill giant
 10171 | D:11     | Killed a hill giant
 10171 | D:11     | Reached skill level 12 in Axes
 10175 | D:11     | Noticed a hill giant
 10182 | D:11     | Killed a hill giant
 10821 | D:12     | Found a frozen archway.
 10966 | IceCv    | Entered an ice cave
 11443 | IceCv    | Engulfed by a cloud of freezing vapour

Skill      XL: |  1  2  3  4  5  6  7  8  9 10 11 |
---------------+----------------------------------+-----
Dodging        | 3 4 5 6 |  6.5
Armour         | 1 2 3 4 5 6 7 |  7.0
Axes           | 3 4 5 6 8 9 11 12 | 12.6
Fighting       | 3 4 5 6 7 |  7.9
Stealth        | 1 |  1.8
Invocations    | 3 4 6 |  6.2
Throwing       | |  1.7

Action                   |  1- 3 |  4- 6 |  7- 9 | 10-12 || total
-------------------------+-------+-------+-------+-------++-------
Melee: War axe           |    58 |    77 |   160 |       ||   295
       Kick              |       |    12 |    73 |    88 ||   173
       Battleaxe         |       |       |    54 |   315 ||   369
Invok: Stomp             |       |       |     2 |     3 ||     5
       Line Pass         |       |       |     1 |     2 ||     3
       Grand Finale      |       |       |       |     1 ||     1
  Use: Scroll            |       |     5 |       |    13 ||    18
       Potion            |       |     5 |       |     6 ||    11
 Stab: Paralysed         |       |     1 |     8 |    29 ||    38
       Distracted        |       |       |       |     2 ||     2
       Sleeping          |       |       |       |     2 ||     2
  Eat: Chunk             |     1 |     5 |    12 |    13 ||    31
       Royal jelly       |       |       |     1 |       ||     1
       Fruit             |       |       |       |     3 ||     3
       Meat ration       |       |       |       |     1 ||     1
Armor: Ring mail         |    28 |    26 |    81 |   145 ||   280
       Leather armour    |     4 |       |       |       ||     4
Dodge: Dodged            |    38 |    41 |   129 |   311 ||   519
